 Dungeon Crawl Stone Soup version 0.30-a0-587-gfd7c166f36 (webtiles) character file.

Game seed: 3887334078420383934

23 M4edhros the Charlatan (level 2, 0/18 HPs)
             Began as an Octopode Artificer on Jan 4, 2023.
             Slain by an orc
             ... wielding a +1 antimagic short sword
              (1 damage)
             ... on level 3 of the Dungeon.
             The game lasted 00:00:53 (416 turns).

M4edhros the Charlatan (Octopode Artificer)          Turns: 416, Time: 00:00:53

Health: 0/18       AC:  1    Str: 11    XL:     2   Next: 95%
Magic:  0/2        EV: 13    Int: 13    God:
Gold:   69         SH:  0    Dex: 12    Spells: 1/1 levels left

rFire   . . .      SeeInvis .      - Unarmed
rCold   . . .      Faith    .    (no shield)
rNeg    . . .      Spirit   .    (helmet restricted)
rPois   .          Reflect  .    (no amulet)
rElec   .          Harm     .    (no ring)
rCorr   .          Rampage  .    (no ring)
Will    .....                    (no ring)
Stlth   +++                      (no ring)
HPRegen 0.23/turn                (no ring)
MPRegen 0.08/turn                (no ring)
                                 (no ring)
                                 (no ring)

@: no status effects
A: almost no armour, amphibious, 8 rings, camouflage 1, gelatinous body 1,
(nimble swimmer 1), tentacles
a: no special abilities


You were on level 3 of the Dungeon.
You visited 1 branch of the dungeon, and saw 3 of its levels.

You collected 69 gold pieces.

Inventory:

Wands
 b - a wand of flame (15) (quivered)
 c - a wand of charming (13)
 d - a wand of iceblast (5)
Scrolls
 a - a scroll of enchant weapon {unknown}
 f - 4 scrolls of teleportation {unknown}
 g - a scroll of silence {unknown}
 i - a scroll of enchant armour {unknown}
 j - a scroll of amnesia {unknown}
Potions
 e - a potion of curing {unknown}
 h - a potion of mutation {unknown}


   Skills:
 + Level 1.4 Fighting
 + Level 2.5 Dodging
 + Level 2.1 Stealth
 * Level 1.1 Unarmed Combat
 + Level 3.5 Evocations


You had one spell level left.
You didn't know any spells.
Your spell library contained the following spells:

 Spells                   Type           Power      Damage    Failure   Level
 Blink                    Tloc           0%         N/A       43%         2
 Manifold Assault         Tloc           0%         N/A       97%         4
 Storm Form               Tmut/Air       0%         N/A       100%        7


Dungeon Overview and Level Annotations

Branches:
Dungeon (3/15)

Altars:
Xom

Shops:
D:2 :


Innate Abilities, Weirdness & Mutations

You cannot wear most types of armour.
You are amphibious.
You can wear up to eight rings at the same time.
Your skin changes colour to match your surroundings (Stealth+).
Your rubbery body absorbs attacks. (AC +1, EV +1)
((You are camouflaged when in or above water. (Stealth+)))
You have tentacles for arms and can constrict up to eight enemies at once.


Message History

Items here: ( ) ††.
Found a stone staircase leading down.
There is an entrance to Niconuv's Vocational Training here.
(D) Dungeon
Where to? (Enter - D:1 @ (x,y), ? - help)
There is a fountain of clear blue water here.
There is a stone staircase leading down here.
You climb downwards.
There is a stone staircase leading up here.
There are monsters nearby!
There are monsters nearby!
The helpless orc wizard fails to defend itself.
You tentacle-slap the orc wizard. You grab the orc wizard.
The orc wizard is lightly wounded.
You constrict the orc wizard, but do no damage.
The orc shouts! x2
The orc wizard hits you with a +0 dagger.
You tentacle-slap the orc wizard but do no damage.
You squeeze the orc wizard!
The orc wizard is almost dead.
You constrict the orc wizard, but do no damage.
The orc hits you with a +1 antimagic short sword.
You feel your power leaking away. The orc wizard misses you.
Aiming: Charm
Press: ? - help, Shift-Dir - straight line, f - orc
Aim: an orc, wielding a +0 club (chance to affect: 74%)
The orc struggles to resist.
You constrict the orc wizard, but do no damage.
The orc hits you with a +1 antimagic short sword.
The orc closely misses you.
The orc wizard points at you and mumbles some strange words.
The magic dart hits you.
* * * LOW HITPOINT WARNING * * *
Aiming: Charm
Press: ? - help, Shift-Dir - straight line, f - orc
Aim: an orc, wielding a +0 club (chance to affect: 74%)
The orc struggles to resist.
You constrict the orc wizard.
The orc hits you with a +1 antimagic short sword.
You die...

###.#
#####.....#
#.o@o#
#.#oo# #
#..# #..#
####


You could see an orc wizard and 3 orcs.

Vanquished Creatures
  A ball python (D:1)
  4 endoplasms
  A giant cockroach (D:2)
  2 hobgoblins
  3 kobolds
  A quokka (D:1)
  3 bats
  2 frilled lizards
  2 goblins (D:2)
  2 rats (D:1)
21 creatures vanquished.

Notes
Turn   | Place    | Note
-------+----------+-------------------------------------------
     0 | D:1      | M4edhros the Octopode Artificer began the quest for the
                  | Orb.
     0 | D:1      | Reached XP level 1. HP: 13/13 MP: 1/1
   118 | D:1      | Reached XP level 2. HP: 18/18 MP: 2/2
   179 | D:1      | You fall into a shaft and drop 1 floor!
   180 | D:2      | Found a shimmering altar of Xom.
   221 | D:2      | Reached skill level 1 in Unarmed Combat
   367 | D:2      | Found Niconuv's Vocational Training.
   416 | D:3      | Slain by an orc

Illustrated notes

Levels and vault maps discovered:
D:1:      onia_arrival_mini_spirals, layout_rooms,
          shapermc_ecumenical_altar_mp_urbaneastern
D:2:      layout_loops_ring, basic_altar, nicolae_shop_vocational
D:3:      layout_basic, serial_shops, shop

Skill      XL: |  1  2 |
---------------+-------+-----
Unarmed Combat | 1 |  1.1
Stealth        | 2 |  2.1
Fighting       | |  1.4
Dodging        | |  2.5
Evocations     | |  3.5

Action                   || total
-------------------------++-------
Melee: Unarmed           ||    47
       Constrict         ||    15
       Tentacles         ||    11
       Punch             ||     1
Evoke: Wand              ||     2
 Stab: Sleeping          ||     4
Armor: Skin              ||     9
Dodge: Dodged            ||    27

Table legend: (Time is in decaauts)
 A = Elapsed time spent in this place.
 B = Non-inter-level travel time spent in this place.
 C = Inter-level travel time spent in this place.
 D = Time resting spent in this place.
 E = Time spent auto-exploring this place.
 F = Levels seen in this place.
 G = Mean time per level.
                   A        B        C        D        E       F      G
               +--------+--------+--------+--------+--------+-----+--------+
         Total |    414 |    399 |     15 |      0 |    252 |   3 |  138.0 |
       Dungeon |    414 |    399 |     15 |      0 |    252 |   3 |  138.0 |
               +--------+--------+--------+--------+--------+-----+--------+

Top non-repeatable levels by time:
     D:2: 232 daAuts
     D:1: 178 daAuts
     D:3: 3 daAuts
